 Dungeon Crawl Stone Soup version 0.32-a0-540-g866d131 (webtiles) character file.

Game seed: 10690630315266716325

413 DispaterIsMyDaddy the Shooter (level 6, -5/46 HPs)
             Began as a Coglin Hexslinger on Feb 28, 2024.
             Slain by an orc
             ... wielding a +0 falchion
              (6 damage)
             ... on level 4 of the Dungeon.
             The game lasted 00:09:16 (3298 turns).

DispaterIsMyDaddy the Shooter (Coglin Hexslinger)   Turns: 3298, Time: 00:09:16

Health: -5/46      AC:  4    Str:  9    XL:     6   Next: 91%
Magic:  9/9        EV: 12    Int: 12    God:
Gold:   144        SH:  0    Dex: 18    Spells: 7/9 levels left

rFire   . . .        a - +1 sling {Paramjit}
rCold   . . .        t - +0 hand cannon (heavy) {Haeun}
rNeg    . . .        q - +0 leather armour
rPois   .            y - +0 helmet
rElec   .            (no cloak)
rCorr   .            (no gloves)
SInv    .            (no boots)
Will    .....        (no amulet)
Stlth   +            (ring unavailable)
HPRegen 0.27/turn    (ring unavailable)
MPRegen 0.11/turn

%: no passive effects
@: hasted, revving, very quick
A: off-hand wielding, slow wielding, warmup strikes, no rings
a: no special abilities


You were on level 4 of the Dungeon.
You visited 1 branch of the dungeon, and saw 5 of its levels.
You also visited: Sewer.

You collected 144 gold pieces.

Inventory:

Hand Weapons
 a - a +1 sling (weapon) {Paramjit}
 t - a +0 heavy hand cannon (offhand) {Haeun}
Armour
 c - a +0 robe
 q - a +0 leather armour (worn)
 y - a +0 helmet (worn)
Talismans
 g - a maw talisman
Wands
 x - a wand of charming (13)
Scrolls
 b - 2 scrolls of poison
 d - a scroll of brand weapon {unknown}
 e - a scroll of enchant armour {unknown}
 f - 2 scrolls of blinking {unknown}
 j - a scroll of silence {unknown}
 k - 6 scrolls of identify {unknown}
 l - 2 scrolls of noise {unknown}
 p - a scroll of revelation {unknown}
 A - a scroll of immolation {unknown}
 C - a scroll of torment {unknown}
Potions
 h - a potion of attraction {unknown}
 i - a potion of might {unknown}
 m - a potion of mutation {unknown}
 n - 3 potions of curing {unknown}
 o - 3 potions of haste
 r - a potion of brilliance {unknown}
 s - 2 potions of magic {unknown}
 u - a potion of invisibility {unknown}
 v - a potion of heal wounds {unknown}
 w - 2 potions of berserk rage {unknown}
 z - 4 potions of lignification {unknown}
 B - 2 potions of degeneration {unknown}


   Skills:
 + Level 2.7 Fighting
 * Level 4.1 Ranged Weapons
 + Level 3.0 Dodging
 + Level 2.2 Spellcasting
 + Level 3.6 Hexes
 - Level 0.9 Fire Magic


You had 7 spell levels left.
You knew the following spells:

 Your Spells              Type           Power      Damage    Failure   Level
a - Jinxbite              Hex            20%        N/A       13%         2

Your spell library contained the following spells:

 Spells                   Type           Power      Damage    Failure   Level
 Sigil of Binding         Hex            10%        N/A       26%         3
 Necrotise                Necr           4%         1d4       36%         1
 Sandblast                Erth           2%         2d4       36%         1
 Inner Flame              Hex/Fire       6%         N/A       41%         3
 Mercury Vapours          Alch/Air       2%         N/A       50%         2
 Cause Fear               Hex            5%         N/A       63%         4
 Fugue of the Fallen      Necr           1%         N/A       75%         3
 Ozocubu's Armour         Ice            1%         N/A       75%         3
 Passwall                 Erth           1%         N/A       75%         3
 Stone Arrow              Conj/Erth      2%         3d7       75%         3
 Dimensional Bullseye     Hex/Tloc       2%         N/A       87%         4
 Brom's Barrelling Bould  Conj/Erth      1%         2d3       98%         4
 Manifold Assault         Tloc           1%         N/A       98%         4
 Eringya's Noxious Bog    Alch           0%         4d6       100%        6
 Infestation              Necr           0%         N/A       100%        8


Dungeon Overview and Level Annotations

Branches:
Dungeon (5/15)              Sewer (visited)
 Temple: D:4-7

Altars:
Fedhas
Okawaru
Trog
The Shining One

Shops:
D:2 =   D:3 [


Innate Abilities, Weirdness & Mutations

You can wield a second weapon in your off-hand.
It takes a long time for you to wield or remove held weapons.
Your first few attacks do less damage.
Your grasper-arms cannot wear rings.


Message History

Unknown command.
Fire: a) +1 sling {Paramjit}
Press: ? - help, Q - select action, (/) - cycle Shift-Dir - straight line, f/p - centaur
Aim: a centaur, wielding a +0 shortbow (moderately wounded, 73% to hit)
You shoot a bolt. The bolt hits the orc!!
You kill the orc!
You shoot a sling bullet. The sling bullet hits the centaur.
The centaur is moderately wounded.
The centaur shoots an arrow.
The arrow barely misses you.
The iguana hisses menacingly.
The centaur shoots an arrow.
The arrow barely misses you. The iguana barely misses you.
The centaur shoots an arrow.
The arrow barely misses you.
Unknown command.
Fire: a) +1 sling {Paramjit}
Press: ? - help, Q - select action, (/) - cycle Shift-Dir - straight line, f/p - centaur
Aim: a centaur, wielding a +0 shortbow (moderately wounded, 73% to hit)
You shoot a sling bullet.
The sling bullet hits the centaur but does no damage.
The centaur is moderately wounded.
You shoot a bolt. The bolt closely misses the centaur.
The centaur shoots an arrow.
The arrow hits you! The iguana barely misses you.
The centaur shoots an arrow.
The arrow hits you. The iguana bites you!
* * * LOW HITPOINT WARNING * * *
Unknown command.
Unknown command.
Okay, then.
Unknown command.
You can't go down here!
The centaur shoots an arrow.
The arrow closely misses you. The orc hits you with a +0 falchion.
* * * LOW HITPOINT WARNING * * *
The iguana bites you!
* * * LOW HITPOINT WARNING * * *
You climb upwards.
There is a stone staircase leading down here.
It was a potion of haste.
You feel yourself speed up. The iguana misses you.
The orc hits you with a +0 falchion.
You die...

#.##.####.......#.#..## ##..#
##+##............#.#..#####...#
......................#)......#
..........##'#...#.#.....##...#
..........##.#...###....###...#
........##.###...........##...#
........+.................#...#
........##.###.o.#..###._.....#
##+##+####.###.l@##..##...###.#
#........(.........####.####.#
#.##+####'##.##.##..#...###..#
#........[.#.##.##...........#
#..........#.##.###..........#
#..........#.##.###..##..#####
##'##+####+##............###
...........................#
........##.##..#.#######.###


You could see an iguana and an orc.

Vanquished Creatures
  Pargi (Sewer)
  A brain worm (Sewer)
  A jelly (Sewer)
  Terence (D:2)
  Robin (D:3)
  5 adders
  2 gnolls (D:4)
  2 dart slugs
  5 ribbon worms
  6 orcs
  9 endoplasms
  5 giant cockroaches
  10 goblins
  11 hobgoblins
  4 jackals (D:1)
  9 kobolds
  9 quokkas
  9 ball pythons
  4 bats
  A frilled lizard (D:1)
  A rat (D:3)
97 creatures vanquished.

Notes
Turn   | Place    | Note
-------+----------+-------------------------------------------
     0 | D:1      | DispaterIsMyDaddy the Coglin Hexslinger began the quest for
                  | the Orb.
     0 | D:1      | Reached XP level 1. HP: 15/15 MP: 2/2
    70 | D:1      | Reached skill level 2 in Ranged Weapons
   110 | D:1      | Reached XP level 2. HP: 21/21 MP: 3/3
   124 | D:1      | Learned a level 2 spell: Jinxbite
   281 | D:1      | Got the Precepts of Feculent Caskets
   626 | D:1      | Reached XP level 3. HP: 18/26 MP: 4/4
  1012 | D:2      | Found Tysez Ykomyh's Jewellery Emporium.
  1122 | D:2      | Noticed Terence
  1138 | D:2      | Killed Terence
  1139 | D:2      | Reached XP level 4. HP: 23/33 MP: 0/6
  1461 | D:2      | Reached skill level 3 in Ranged Weapons
  1681 | D:3      | Found a glowing drain.
  1701 | D:3      | Reached XP level 5. HP: 38/38 MP: 7/7
  1707 | Sewer    | Entered a sewer
  1744 | Sewer    | Noticed Pargi
  1749 | Sewer    | Killed Pargi
  1750 | Sewer    | Reached XP level 6. HP: 43/46 MP: 5/9
  1915 | D:3      | Found a blossoming altar of Fedhas.
  2084 | D:3      | Noticed Robin
  2089 | D:3      | Killed Robin
  2148 | D:3      | Found Xuenuul's Armour Shop.
  2674 | D:4      | Reached skill level 4 in Ranged Weapons
  2762 | D:4      | Found a bloodstained altar of Trog.
  2870 | D:4      | Found an iron altar of Okawaru.
  3066 | D:4      | Found a glowing golden altar of the Shining One.
  3291 | D:5      | Entered Level 5 of the Dungeon
  3296 | D:5      | HP: 1/46 [iguana (11)]
  3298 | D:4      | Slain by an orc

Illustrated notes

Levels and vault maps discovered:
D:1:      nzn_arrival_water_spiral, layout_loops_ring,
          minmay_misc_feat_four_crosses, hangedman_abyss_or_decor_stabs,
          nrook_uturn
D:2:      layout_basic, serial_shops, shop, kennysheep_generic_room_7,
          uniq_terence
D:3:      wander_river, layout_loops_corners, overflow_temple_1_default,
          cheibrodos_sewer_entry_bend, serial_shops,
          nicolae_shop_competitors_out_of_business, uniq_robin
D:4:      layout_basic, lemuel_doored_altar, okawaru_altar_gauntlet_db,
          trog_three_pillars_becter
D:5:      layout_basic, minmay_temple_entry_overgrown

Skill      XL: |  1  2  3  4  5  6 |
---------------+-------------------+-----
Ranged Weapons | 2 3 4 |  4.1
Dodging        | 2 3 |  3.0
Hexes          | 3 |  3.6
Fighting       | 2 |  2.7
Spellcasting   | 2 |  2.2
Fire Magic     | |  0.9

Action                     |  1- 3 |  4- 6 || total
---------------------------+-------+-------++-------
   Fire: Sling             |   122 |   156 ||   278
         Hand cannon       |       |    90 ||    90
   Cast: Jinxbite          |     5 |     1 ||     6
    Use: Potion            |       |     1 ||     1
 Armour: Robe              |    27 |     5 ||    32
         Leather armour    |       |    38 ||    38
  Dodge: Dodged            |    45 |    47 ||    92

Table legend: (Time is in decaauts)
 A = Elapsed time spent in this place.
 B = Non-inter-level travel time spent in this place.
 C = Inter-level travel time spent in this place.
 D = Time resting spent in this place.
 E = Time spent auto-exploring this place.
 F = Levels seen in this place.
 G = Mean time per level.
                   A        B        C        D        E       F      G
               +--------+--------+--------+--------+--------+-----+--------+
         Total |   3445 |   3405 |     40 |      0 |   2642 |   6 |  574.2 |
       Dungeon |   3290 |   3250 |     40 |      0 |   2537 |   5 |  658.0 |
         Sewer |    154 |    154 |      0 |      0 |    105 |   1 |  154.0 |
               +--------+--------+--------+--------+--------+-----+--------+

Top non-repeatable levels by time:
     D:3: 879 daAuts
     D:2: 818 daAuts
     D:4: 803 daAuts
     D:1: 780 daAuts
   Sewer: 154 daAuts
     D:5: 9 daAuts
